 Seeded DCSS version 0.31-a0-210-gccc998df9b (webtiles) character file.

Game seed: 8113056780134302019 (custom seed)

784 innerfire43 the Cleaver (level 7, -2/56 (57) HPs)
             Began as a Demonspawn Monk on June 30, 2023.
             Slain by a wight
             ... wielding a +1 short sword
              (3 damage)
             ... on level 5 of the Dungeon.
             The game lasted 00:05:05 (3343 turns).

innerfire43 the Cleaver (Demonspawn Monk)           Turns: 3343, Time: 00:05:06

HP:   -2/56 (57)    AC:  7    Str: 15    XL:     7   Next: 55%
MP:   7/7           EV: 13    Int: 11    God:
Gold: 195           SH:  0    Dex: 16    Spells: 6/6 levels left

rFire   + . .        f - +8 battleaxe "Undertaker" {flame, rCorr Str+2}
rCold   . . .        (shield currently unavailable)
rNeg    . . .        A - +1 robe {Will+}
rPois   .            h - +0 helmet
rElec   .            t - +0 cloak
rCorr   +            (no gloves)
SInv    +            (no boots)
Will    +....        (no amulet)
Stlth   +            m - ring of protection from fire
HPRegen 0.29/turn    e - ring of see invisible
MPRegen 0.10/turn

%: no passive effects
@: studying Axes, lightly drained
A: thin metallic scales 1, demonic guardian 1, demonic touch 2
a: no special abilities


You were on level 5 of the Dungeon.
You visited 1 branch of the dungeon, and saw 5 of its levels.

You collected 195 gold pieces.

Inventory:

Hand Weapons
 a - a +0 hand axe
 f - the +8 battleaxe "Undertaker" (weapon) {flame, rCorr Str+2}
   (You acquired it on level 1 of the Dungeon)

   Str:       It affects your strength (+2).
   rCorr:     It protects you from acid and corrosion.
Armour
 b - a +0 robe
 d - an orb of light
 h - a +0 helmet (worn)
 k - a +0 tower shield
 t - a +0 cloak (worn)
 w - a +0 pair of boots
 A - a +1 robe of willpower (worn)
Jewellery
 e - a ring of see invisible (right hand)
 m - a ring of protection from fire (left hand)
 n - a ring of ice
Scrolls
 g - 2 scrolls of vulnerability {unknown}
 i - 3 scrolls of fog {unknown}
 j - 3 scrolls of teleportation {unknown}
 l - a scroll of amnesia {unknown}
 o - a scroll of torment {unknown}
 p - a scroll of blinking {unknown}
 s - a scroll of enchant weapon {unknown}
 y - a scroll of identify {unknown}
Potions
 c - a potion of ambrosia
 q - a potion of degeneration {unknown}
 r - 3 potions of heal wounds {unknown}
 u - a potion of attraction {unknown}
 v - 2 potions of resistance {unknown}
 x - a potion of enlightenment {unknown}
 z - a potion of haste {unknown}


   Skills:
 + Level 5.7 Fighting
 * Level 8.6 Axes
 - Level 3.1 Dodging


You had 6 spell levels left.
You didn't know any spells.
Your spell library contained the following spells:

 Spells                   Type           Power      Damage    Failure   Level
 Ensorcelled Hibernation  Hex/Ice        0%         N/A       47%         2
 Poisonous Vapours        Pois/Air       0%         N/A       47%         2
 Mephitic Cloud           Conj/Pois/Air  0%         N/A       71%         3
 Spider Form              Tmut/Pois      0%         N/A       71%         3
 Anguish                  Hex/Necr       0%         N/A       98%         4
 Freezing Cloud           Conj/Ice/Air   0%         6-21      100%        5


Dungeon Overview and Level Annotations

Branches:
Dungeon (5/15)
 Temple: D:4-7

Altars:
Kikubaaqudgha

Shops:
D:1 ?


Innate Abilities, Weirdness & Mutations

You are partially covered in thin metallic scales. (AC +2)
A weak demonic guardian rushes to your aid.
Your touch may inflict irresistible damage on your foes.


Message History

You are too injured to fight recklessly!
Unknown command.
You are too injured to fight recklessly!
Unknown command.
You slash the wight! You burn the wight.
You destroy the wight!
You barely miss the wight. You closely miss the adder.
You barely miss the iguana. The adder barely misses you.
The adder closely misses you. The iguana misses you.
The wight barely misses you. The orc barely misses you.
You closely miss the iguana.
The iguana is severely wounded.
You slash the orc! You burn the orc.
You kill the orc!
You hit the wight. You burn the wight. You slice the adder!!
You burn the adder.
You kill the adder!
The iguana bites you.
* * * LOW HITPOINT WARNING * * *
The wight misses you.
A jelly comes into view.
The jelly quivers.
You hit the iguana. You burn the iguana.
You kill the iguana!
You closely miss the wight. You hit the wight. You burn the wight.
You destroy the wight!
The wight hits you with a +1 short sword.
* * * LOW HITPOINT WARNING * * *
A demonic guardian appears!
The wight hits you with a +1 short sword.
* * * LOW HITPOINT WARNING * * *
You feel drained.
Your life force feels restored.
You closely miss the wight.
The wight is heavily damaged.
The orc closely misses your iron imp.
The wight hits you with a +1 short sword!
* * * LOW HITPOINT WARNING * * *
You feel drained.
You die...

#..........# ....#.## #
#.....##.#.###......
.## #...........##...#
... #......###.......#
..
#...........#....#.#.##
##########............#
#.....#.###....
#.##)##########
#....@)..J...
####z))......
#.5....... #..o......
#......### #......#
#......# #......#


You could see a jelly, a wight (ally target), an orc and a friendly iron imp
(summoned).

Vanquished Creatures
  Grinder (D:3)
  A water moccasin (D:5)
  2 wights (D:5)
  A howler monkey (D:4)
  6 iguanas
  A gnoll (D:1)
  9 adders
  An ufetubus (D:5)
  2 worms (D:2)
  4 dart slugs
  6 orcs
  10 bats
  6 endoplasms
  5 giant cockroaches
  7 goblins
  A hobgoblin (D:3)
  6 kobolds
  A quokka (D:1)
  9 ball pythons
  A frilled lizard (D:3)
  3 rats
83 creatures vanquished.

Notes
Turn   | Place    | Note
-------+----------+-------------------------------------------
     0 | D:1      | innerfire43 the Demonspawn Monk began the quest for the
                  | Orb.
     0 | D:1      | Reached XP level 1. HP: 18/18 MP: 1/1
   100 | D:1      | Gained mutation: Your touch may inflict minor irresistible
                  | damage on your foes. [demonic ancestry]
   100 | D:1      | Reached XP level 2. HP: 18/24 MP: 2/2
   155 | D:1      | Reached skill level 3 in Axes
   320 | D:1      | Reached XP level 3. HP: 6/29 MP: 3/3
   469 | D:1      | Identified a scroll of acquirement
   469 | D:1      | Acquired the +8 battleaxe "Undertaker" {flame, rCorr Str+2}
   503 | D:1      | Found Ponycs's Magic Scroll Shop.
   838 | D:2      | Gained mutation: You are partially covered in thin metallic
                  | scales. (AC +2) [demonic ancestry]
   838 | D:2      | Reached XP level 4. HP: 26/37 MP: 4/4
  1568 | D:3      | Acquired a manual of Axes
  1633 | D:3      | Reached skill level 4 in Axes
  1666 | D:3      | Noticed Grinder
  1677 | D:3      | Killed Grinder
  1678 | D:3      | Reached skill level 6 in Axes
  1678 | D:3      | Gained mutation: Your touch may inflict irresistible damage
                  | on your foes. [demonic ancestry]
  1678 | D:3      | Reached XP level 5. HP: 21/43 MP: 5/5
  1678 | D:3      | Reached XP level 6. HP: 24/49 MP: 6/6
  2360 | D:4      | Found an ancient bone altar of Kikubaaqudgha.
  2409 | D:4      | Reached skill level 5 in Fighting
  3093 | D:5      | Entered Level 5 of the Dungeon
  3137 | D:5      | Reached skill level 7 in Axes
  3173 | D:5      | Noticed a water moccasin
  3178 | D:5      | Killed a water moccasin
  3179 | D:5      | Gained mutation: A weak demonic guardian rushes to your
                  | aid. [demonic ancestry]
  3179 | D:5      | Reached XP level 7. HP: 53/56 MP: 7/7
  3340 | D:5      | Reached skill level 8 in Axes
  3343 | D:5      | HP: 1/57 [wight/+1 short sword (9)]
  3343 | D:5      | Slain by a wight

Illustrated notes

Levels and vault maps discovered:
D:1:      roderic_crossed_star, layout_rooms, serial_shops, nicolae_diamond_shop
D:2:      layout_loops_cross
D:3:      layout_basic, uniq_grinder
D:4:      layout_basic, zin_academy, kennysheep_mini
D:5:      layout_basic, kennysheep_mini_moat, grunt_decor_one_mirror,
          kennysheep_generic_room_9

Skill      XL: |  1  2  3  4  5  6  7 |
---------------+----------------------+-----
Dodging        | 3 |  3.1
Axes           | 3 6 7 8 |  8.6
Fighting       | 4 5 |  5.7

Action                     |  1- 3 |  4- 6 |  7- 9 || total
---------------------------+-------+-------+-------++-------
  Melee: Hand axe          |    57 |       |       ||    57
         Battleaxe         |     5 |    78 |    17 ||   100
    Use: Scroll            |     1 |     1 |       ||     2
   Stab: Sleeping          |     1 |     2 |       ||     3
 Armour: Robe              |    19 |    19 |     3 ||    41
  Dodge: Dodged            |    45 |    52 |    18 ||   115

Table legend: (Time is in decaauts)
 A = Elapsed time spent in this place.
 B = Non-inter-level travel time spent in this place.
 C = Inter-level travel time spent in this place.
 D = Time resting spent in this place.
 E = Time spent auto-exploring this place.
 F = Levels seen in this place.
 G = Mean time per level.
                   A        B        C        D        E       F      G
               +--------+--------+--------+--------+--------+-----+--------+
         Total |   3392 |   3049 |    343 |      0 |   2522 |   5 |  678.4 |
       Dungeon |   3392 |   3049 |    343 |      0 |   2522 |   5 |  678.4 |
               +--------+--------+--------+--------+--------+-----+--------+

Top non-repeatable levels by time:
     D:4: 1133 daAuts
     D:1: 807 daAuts
     D:2: 696 daAuts
     D:3: 495 daAuts
     D:5: 259 daAuts
